[ AOE2 MATCH · #506662156 ]
UnrankedMalay vs Italians
Player's team · LOSS
[ REPLAY ANALYSIS · EXTRACTED FROM THE RECORDED GAME ]
Feudal
8:49
Castle
—
Imperial
—
| APM avg | 85.9 |
| APM peak | 140 |
| eAPM avg | 49.6 |
| Villagers / military | 28 / 0 |
Focus
⚔️ 59.4% · 🌾 40.6%
Feudal
—
Castle
—
Imperial
—
| APM avg | 73.7 |
| APM peak | 131 |
| eAPM avg | 24.6 |
| Villagers / military | 36 / 5 |
Focus
⚔️ 36.3% · 🌾 63.7%
Militia ×5
Match map
Initial resources + every placement click. Lines = walls · curves = elevation contours. ◆ gold · ⬟ stone · ● berries · ✦ relic · ◌ wall gap
Your base
[CL]LaCumbiaSuave's base
Smoothed initial terrain · ◌ = detected wall gap · hover for details
Inputs per minute
— ReginLeif - - [CL]LaCumbiaSuave
Build order — ReginLeif
52 actions detected in the replay
| 0:00 | Queue | Villager (Male) |
| 0:00 | Queue | Villager (Male) |
| 0:01 | Build | House |
| 0:02 | Build | House |
| 0:25 | Queue | Villager (Male) |
| 0:28 | Queue | Villager (Male) |
| 1:24 | Queue | Villager (Male) |
| 1:25 | Queue | Villager (Male) |
| 1:54 | Queue | Villager (Male) |
| 1:54 | Queue | Villager (Male) |
| 2:10 | Queue | Villager (Male) |
| 2:10 | Queue | Villager (Male) |
| 2:20 | Build | Lumber Camp |
| 2:45 | Queue | Villager (Male) |
| 3:08 | Queue | Villager (Male) |
| 3:16 | Queue | Villager (Male) |
| 3:16 | Queue | Villager (Male) |
| 3:48 | Build | House |
| 3:48 | Build | House |
| 3:56 | Queue | Villager (Male) |
| 3:56 | Queue | Villager (Male) |
| 4:26 | Queue | Villager (Male) |
| 4:29 | Queue | Villager (Male) |
| 4:47 | Queue | Villager (Male) |
| 5:00 | Queue | Villager (Male) |
| 5:36 | Queue | Villager (Male) |
| 5:53 | Build | House |
| 5:54 | Build | House |
| 5:57 | Build | House |
| 6:01 | Queue | Villager (Male) |
| 6:34 | Build | Mill |
| 6:44 | Queue | Villager (Male) |
| 7:31 | Research | Feudal Age |
| 7:34 | Research | Loom |
| 7:34 | Research | Loom |
| 8:28 | Build | Barracks |
| 8:31 | Build | Barracks |
| 8:49 | Age | Feudal Age |
| 8:53 | Queue | Villager (Male) |
| 8:55 | Research | Double-Bit Axe |
| 8:55 | Research | Double-Bit Axe |
| 9:04 | Build | Palisade Wall |
| 9:10 | Build | House |
| 9:32 | Build | Palisade Wall |
| 9:35 | Build | Palisade Wall |
| 9:37 | Build | Palisade Wall |
| 9:43 | Queue | Villager (Male) |
| 9:43 | Queue | Villager (Male) |
| 9:56 | Queue | Villager (Male) |
| 10:02 | Build | Archery Range |
| 10:11 | Build | Mining Camp |
| 10:21 | Queue | Villager (Male) |
Build order — [CL]LaCumbiaSuave
53 actions detected in the replay
| 0:01 | Queue | Villager (Male) |
| 0:01 | Queue | Villager (Male) |
| 0:02 | Queue | Villager (Male) |
| 0:02 | Build | House |
| 0:04 | Build | House |
| 0:28 | Queue | Villager (Male) |
| 0:28 | Queue | Villager (Male) |
| 1:14 | Queue | Villager (Male) |
| 1:14 | Queue | Villager (Male) |
| 1:27 | Build | Lumber Camp |
| 1:55 | Queue | Villager (Male) |
| 1:56 | Queue | Villager (Male) |
| 1:56 | Queue | Villager (Male) |
| 2:15 | Queue | Villager (Male) |
| 2:15 | Queue | Villager (Male) |
| 2:51 | Queue | Villager (Male) |
| 2:51 | Queue | Villager (Male) |
| 3:14 | Queue | Villager (Male) |
| 3:14 | Queue | Villager (Male) |
| 3:14 | Queue | Villager (Male) |
| 3:25 | Build | House |
| 3:39 | Queue | Villager (Male) |
| 3:39 | Queue | Villager (Male) |
| 4:08 | Build | Barracks |
| 4:11 | Queue | Villager (Male) |
| 4:11 | Queue | Villager (Male) |
| 4:33 | Queue | Villager (Male) |
| 4:35 | Build | House |
| 4:46 | Queue | Villager (Male) |
| 4:46 | Queue | Villager (Male) |
| 5:07 | Queue | Militia |
| 5:25 | Queue | Villager (Male) |
| 5:33 | Build | House |
| 5:38 | Queue | Militia |
| 5:52 | Queue | Villager (Male) |
| 5:52 | Queue | Villager (Male) |
| 5:52 | Queue | Villager (Male) |
| 6:15 | Queue | Villager (Male) |
| 6:15 | Queue | Villager (Male) |
| 6:35 | Queue | Villager (Male) |
| 6:51 | Queue | Villager (Male) |
| 7:11 | Build | Mill |
| 7:26 | Queue | Villager (Male) |
| 7:46 | Queue | Villager (Male) |
| 7:55 | Research | Loom |
| 8:12 | Queue | Villager (Male) |
| 8:29 | Research | Feudal Age |
| 8:45 | Build | Lumber Camp |
| 8:48 | Queue | Militia |
| 8:48 | Queue | Militia |
| 9:03 | Build | Mining Camp |
| 9:09 | Queue | Militia |
| 10:01 | Queue | Villager (Male) |
Match timeline
| 4:08 | [CL]LaCumbiaSuave · first_building Barracks |
| 8:28 | ReginLeif · first_building Barracks |
| 8:49 | ReginLeif · age_up feudal |
| 9:04 | ReginLeif · wall_segment Palisade Wall x9 |
| 9:32 | ReginLeif · wall_segment Palisade Wall x1 |
| 9:35 | ReginLeif · wall_segment Palisade Wall x1 |
| 9:37 | ReginLeif · wall_segment Palisade Wall x1 |
| 10:02 | ReginLeif · first_building Archery Range |
| 10:37 | ReginLeif · resign |
[ AI ANALYSIS · 1 CREDIT ]
What really happened in this match?
Wolo.gg analyzes every decision: build order, eco, micro, common mistakes by bracket. Personalized analysis on WhatsApp or Discord in 30 seconds.
Civ guide
Malay
Perfil
Jugador #4292746